 Dungeon Crawl Stone Soup version 0.22.0-6-g71bd7aa (webtiles) character file.

739 Larett the Cleaver (level 7, -5/64 HPs)
             Began as a Minotaur Berserker on Aug 14, 2018.
             Was a Priest of Trog.
             Slain by an ogre
             ... wielding a +0 giant spiked club
              (32 damage)
             ... on level 5 of the Dungeon.
             The game lasted 00:09:14 (4411 turns).

Larett the Cleaver (Minotaur Berserker)             Turns: 4411, Time: 00:09:15

Health: -5/64      AC:  7    Str: 21    XL:     7   Next: 46%
Magic:  6/6        EV: 12    Int:  4    God:    Trog [***...]
Gold:   356        SH:  9    Dex: 12    Spells: 6/6 levels left

rFire    . . .     SeeInvis .   a - +0 war axe
rCold    + . .     Gourm    .   U - +6 buckler of Amua {+Inv rElec}
rNeg     . . .     Faith    .   v - +2 leather armour {rC+}
rPois    +         Spirit   .   (helmet restricted)
rElec    +         Reflect  .   C - +0 cloak (curse)
rCorr    .         Harm     .   (no gloves)
MR       .....                  D - +0 pair of boots
Stlth    +.........             (no amulet)
HPRegen  0.20/turn              J - +1 ring of evasion
MPRegen  0.10/turn              o - ring of poison resistance

@: no status effects
A: retaliatory headbutt, horns 2
a: Berserk, Trog's Hand, Renounce Religion, Evoke Invisibility


You were on level 5 of the Dungeon.
You worshipped Trog.
Trog was most pleased with you.
You were not hungry.

You visited 2 branches of the dungeon, and saw 6 of its levels.

You collected 356 gold pieces.

Inventory:

Hand Weapons
 a - a +0 war axe (weapon)
 B - a +4 quarterstaff of chaos
 G - a +1 flail of protection
 N - a +0 hand axe
 R - a +0 hunting sling
Missiles
 h - 45 bolts
 i - 178 stones (quivered)
 m - 78 sling bullets
 n - 2 curare-tipped needles
 r - 2 javelins
 s - 13 poisoned needles
 u - 63 arrows
 F - 7 needles of confusion
Armour
 v - a +2 leather armour of cold resistance (worn)
 C - a cursed +0 cloak (worn)
 D - a +0 pair of boots (worn)
 U - the +6 buckler of Amua (worn) {+Inv rElec}
   (You found it on level 5 of the Dungeon)

   It insulates you from electricity.
   It lets you turn invisible.
Jewellery
 l - an uncursed ring of flight
 o - a ring of poison resistance (right hand)
 J - a +1 ring of evasion (left hand)
Scrolls
 d - 3 scrolls of teleportation {unknown}
 k - 7 scrolls of identify {unknown}
 q - 3 scrolls of random uselessness {unknown}
 w - a scroll of fog {unknown}
 y - 3 scrolls of immolation {unknown}
 A - 2 scrolls of blinking {unknown}
 K - 2 scrolls of amnesia {unknown}
 L - 3 scrolls of remove curse {unknown}
 M - a scroll of enchant armour {unknown}
 O - 3 scrolls of noise {unknown}
 Y - 2 scrolls of enchant weapon {unknown}
Potions
 g - a potion of berserk rage {unknown}
 t - 2 potions of degeneration {unknown}
 I - 2 potions of curing {unknown}
 P - a potion of cancellation {unknown}
 Q - a potion of haste {unknown}
 T - a potion of brilliance {unknown}
 V - 2 potions of heal wounds {unknown}
 W - a potion of might {unknown}
Comestibles
 c - 8 rations
 Z - a chunk of flesh


   Skills:
 + Level 6.7 Fighting
 * Level 9.0 Axes
 - Level 2.4 Armour
 - Level 2.1 Dodging


You had 6 spell levels left.
You didn't know any spells.
Your spell library contained the following spells:

 Spells                   Type           Power        Failure   Level  Hunger
 Lightning Bolt           Conj/Air       #.........   100%        5    ######.
 Shock                    Conj/Air       #...         73%         1    ##.....
 Swiftness                Chrm/Air       #.......     86%         2    ###....
 Airstrike                Air            #.........   100%        4    #####..
 Static Discharge         Conj/Air       #.......     97%         3    ####...


Dungeon Overview and Level Annotations

Branches:
Dungeon (5/15)             Temple (1/1) D:5

Altars:
Ashenzari
Cheibriados
Dithmenos
Elyvilon
Fedhas
Kikubaaqudgha
Makhleb
Nemelex Xobeh
Okawaru
Wu Jian
Xom
Yredelemnul
Zin
The Shining One


Innate Abilities, Weirdness & Mutations

You reflexively headbutt those who attack you in melee.
You have a pair of horns on your head.


Message History

You barely miss the goblin. The goblin misses you. You furiously retaliate!
You headbutt the goblin!
You kill the goblin!
Trog accepts your kill.
You slash the goblin!
You kill the goblin!
Trog accepts your kill.
You slash the ogre!
The ogre is heavily wounded.
A goblin comes into view. It is wielding a club.
The ogre hits you with a giant spiked club!!
You barely miss the ogre.
The ogre is heavily wounded.
The ogre hits you with a giant spiked club!!
You are too injured to fight recklessly!
You slash the ogre!
The ogre is almost dead.
The ogre hits you with a giant spiked club!!
Ouch! That really hurt!
You die...

#
#..............#
#
#..............#
#
#.............##
#
#.............#
#
#..........[..#
#
#.............#
#
#.............#
#
#............##
############@#
#†Og%.# ###..%#
####


You could see an ogre and a goblin.

Vanquished Creatures
  The ghost of jlumianski the Skirmisher, an amateur KoBe of Trog (D:3)
  A water moccasin (Temple)
  A bullfrog zombie (D:5)
  3 crimson imps
  Crazy Yiuf (D:2)
  An iguana (D:4)
  An orc wizard (D:3)
  2 worker ants
  A hound zombie (D:4)
  8 adders
  A worm (D:2)
  5 dart slugs
  8 leopard geckos
  4 orcs
  A ball python (D:2)
  7 bats
  8 giant cockroaches
  13 goblins
  9 hobgoblins
  8 jackals
  6 kobolds
  A quokka (D:5)
  4 frilled lizards
  11 rats
106 creatures vanquished.

Notes
Turn   | Place    | Note
-------+----------+-------------------------------------------
     0 | D:1      | Larett the Minotaur Berserker began the quest for the Orb.
     0 | D:1      | Reached XP level 1. HP: 19/19 MP: 0/0
    37 | D:1      | Reached skill level 4 in Axes
    42 | D:1      | Reached XP level 2. HP: 21/27 MP: 1/1
   614 | D:1      | Reached XP level 3. HP: 31/33 MP: 2/2
   661 | D:1      | Reached ** piety under Trog
   953 | D:2      | Reached skill level 5 in Axes
  1344 | D:2      | Found an ornate altar of the Wu Jian Council.
  1345 | D:2      | Found a glowing golden altar of the Shining One.
  1347 | D:2      | Found a shimmering altar of Xom.
  1348 | D:2      | Found a basalt altar of Yredelemnul.
  1404 | D:2      | Reached XP level 4. HP: 41/41 MP: 3/3
  1796 | D:2      | Found a runed door.
  1801 | D:2      | Noticed Crazy Yiuf
  1805 | D:2      | Killed Crazy Yiuf
  1903 | D:3      | Found a runed gate.
  1906 | D:3      | Found a runed gate.
  1923 | D:3      | Found a runed gate.
  1925 | D:3      | Noticed jlumianski's ghost (amateur KoBe)
  1957 | D:3      | Reached skill level 6 in Axes
  1957 | D:3      | Reached XP level 5. HP: 48/48 MP: 4/4
  2231 | D:3      | You fall through a shaft for 2 floors!
  2231 | D:5      | Entered Level 5 of the Dungeon
  2334 | D:4      | Reached skill level 7 in Axes
  2334 | D:4      | Reached XP level 6. HP: 43/56 MP: 5/5
  3103 | D:3      | Killed jlumianski's ghost
  3103 | D:3      | Reached skill level 6 in Fighting
  3103 | D:3      | Reached skill level 8 in Axes
  3246 | D:4      | Reached XP level 7. HP: 61/63 MP: 6/6
  3380 | D:4      | Reached *** piety under Trog
  3717 | D:5      | Found a staircase to the Ecumenical Temple.
  3726 | Temple   | Entered the Ecumenical Temple
  4022 | D:5      | Got a heavily runed buckler
  4033 | D:5      | Identified the +6 buckler of Amua {+Inv rElec} (You found it on level 5 of the Dungeon)
  4404 | D:5      | Reached skill level 9 in Axes
  4411 | D:5      | Slain by an ogre

Skill      XL: |  1  2  3  4  5  6  7 |
---------------+----------------------+-----
Axes           | 4 5 6 7 8 9 |  9.0
Fighting       | 4 5 6 |  6.7
Armour         | |  2.4
Dodging        | |  2.1

Action                   |  1- 3 |  4- 6 |  7- 9 || total
-------------------------+-------+-------+-------++-------
Melee: Hand axe          |    78 |   107 |       ||   185
       Headbutt          |    10 |    21 |    11 ||    42
       War axe           |       |    25 |    53 ||    78
Invok: Trog's Hand       |       |     3 |       ||     3
       Berserk           |       |     2 |       ||     2
 Stab: Sleeping          |     1 |     1 |       ||     2
  Eat: Chunk             |     2 |     7 |     5 ||    14
Armor: Animal skin       |    11 |       |       ||    11
       Leather armour    |     3 |    40 |    26 ||    69
Dodge: Dodged            |    50 |    63 |    27 ||   140
Block: Buckler           |       |    14 |    17 ||    31
